 Dungeon Crawl Stone Soup version 0.21-a0-110-g8e1637b (webtiles) character file.

973 Leszczynek the Cleaver (level 7, -4/64 HPs)
             Began as a Deep Dwarf Fighter on July 8, 2017.
             Was an Initiate of Trog.
             Slain by a two-headed ogre
             ... wielding a +0 giant club
              (5 damage)
             ... on level 8 of the Dungeon.
             The game lasted 00:10:06 (1400 turns).

Leszczynek the Cleaver (Deep Dwarf Fighter)         Turns: 1400, Time: 00:10:06

Health: -4/64      AC:  7    Str: 26    XL:     7   Next: 94%
Magic:  5/5        EV:  7    Int:  9    God:    Trog [......]
Gold:   184        SH: 10    Dex: 12    Spells: 6/6 levels left

rFire    . . .     SeeInvis .   a - +2 war axe (elec)
rCold    . . .     Gourm    .   c - +0 shield
rNeg     . . .     Faith    .   b - +0 scale mail
rPois    .         Spirit   .   (no helmet)
rElec    .         Reflect  .   (no cloak)
rCorr    .         Harm     .   (no gloves)
MR       +....                  (no boots)
Stlth    ..........             (no amulet)
HPRegen  0.00/turn              (no ring)
MPRegen  0.09/turn              (no ring)

@: mighty, non-regenerating
A: damage resistance, heal wounds, sense surroundings 1, no regeneration
a: Heal Wounds, Burn Spellbooks, Renounce Religion


You were on level 8 of the Dungeon.
You worshipped Trog.
Trog was noncommittal.
You were not hungry.

You visited 2 branches of the dungeon, and saw 9 of its levels.

You collected 184 gold pieces.

Inventory:

Hand Weapons
 a - a +2 war axe of electrocution (weapon)
Missiles
 x - 4 tomahawks (quivered)
Armour
 b - a +0 scale mail (worn)
 c - a +0 shield (worn)
Wands
 p - a wand of disintegration (9/24)
 r - a wand of confusion (20/48)
Scrolls
 e - 7 scrolls of identify {unknown}
 i - a scroll of fog {unknown}
 j - 2 scrolls of teleportation {unknown}
 m - a scroll of remove curse {unknown}
 q - 2 scrolls of enchant armour {unknown}
 v - a scroll of torment {unknown}
Potions
 g - a potion of resistance {unknown}
 h - a potion of invisibility {unknown}
 n - a potion of lignification {unknown}
 o - 3 potions of curing {unknown}
 s - a potion of flight {unknown}
 t - 2 potions of heal wounds {unknown}
Comestibles
 d - 6 bread rations
 k - 3 royal jellies
 l - 4 meat rations
 u - 3 fruits
 w - 4 chunks of flesh


   Skills:
 + Level 4.2 Fighting
 * Level 9.0 Axes
 - Level 3.7 Armour
 - Level 4.1 Shields


You had 6 spell levels left.
You didn't know any spells.

Dungeon Overview and Level Annotations

Branches:
Dungeon (8/15)             Temple (1/1) D:6            Lair (0/6) D:8

Altars:
Ashenzari
Cheibriados
Dithmenos
Fedhas
Hepliaklqana
Kikubaaqudgha
Makhleb
Nemelex Xobeh
Okawaru
Trog
Uskayaw
Vehumet
Wu Jian
Xom
Yredelemnul


Innate Abilities, Weirdness & Mutations

You are resistant to damage.
You can heal yourself by infusing magical energy.
You passively map a small area around you.
You do not regenerate.


Message History

The two-headed ogre is heavily wounded.
You hit the killer bee.
You kill the killer bee!
Trog accepts your kill.
Your Axes skill increases to level 9!
The killer bee stings you.
* * * LOW HITPOINT WARNING * * *
The two-headed ogre hits you with a giant club!
* * * LOW HITPOINT WARNING * * *
You block the two-headed ogre's attack.
Unknown command.
Unknown command.
You slice the two-headed ogre!!
The two-headed ogre is almost dead.
You closely miss the killer bee. The killer bee stings you.
* * * LOW HITPOINT WARNING * * *
The killer bee stings you but does no damage.
The two-headed ogre barely misses you.
The two-headed ogre hits you with a giant club.
You die...

... * , * ,, ,.h
,, , F#* , , **#.
, <. *
###.######... ,
.##............ ,
,.......<.......
......[.######>.#
* ,
.$.....oFO@yyyY.#
.......h######.##
* * ........# ,,
*, ........# ,
###.##### , * #.
, , , > , * # , ,
, ,


You could see a two-headed ogre, an ice beast, a bullfrog, a howler monkey, 3
killer bees and an orc.

Vanquished Creatures
  A hippogriff (D:8)
  A warg (D:8)
  A centaur (D:5)
  An ogre (D:7)
  A killer bee (D:8)
  A howler monkey (D:8)
  A centaur zombie (D:7)
  An orc priest (D:3)
  3 orc wizards
  Ijyb (D:3)
  A worker ant (D:8)
  3 hound zombies
  7 gnolls
  3 adders
  An adder skeleton (D:6)
  3 worms
  2 dart slugs (D:1)
  2 leopard geckos (D:2)
  18 orcs
  10 bats
  2 goblins
  6 jackals
  5 kobolds
  A quokka (D:5)
  A ball python (D:3)
  4 frilled lizards
  A quokka skeleton (D:5)
  A quokka zombie (D:7)
  3 rats
86 creatures vanquished.

Vanquished Creatures (others)
  A hobgoblin (D:6)
1 creature vanquished.

Grand Total: 87 creatures vanquished

Notes
Turn   | Place    | Note
-------+----------+-------------------------------------------
     0 | D:1      | Leszczynek the Deep Dwarf Fighter began the quest for the Orb.
     0 | D:1      | Reached XP level 1. HP: 20/20 MP: 1/1
   127 | D:1      | Reached XP level 2. HP: 25/27 MP: 2/2
   292 | D:2      | Reached skill level 3 in Axes
   294 | D:2      | Reached XP level 3. HP: 14/33 MP: 3/3
   328 | D:2      | Reached skill level 4 in Axes
   456 | D:2      | Found a hazy altar of Hepliaklqana.
   499 | D:3      | Reached XP level 4. HP: 36/40 MP: 4/4
   561 | D:3      | Reached skill level 5 in Axes
   595 | D:3      | Reached XP level 5. HP: 33/48 MP: 5/5
   613 | D:3      | Noticed Ijyb
   618 | D:3      | Killed Ijyb
   735 | D:4      | Reached skill level 6 in Axes
   844 | D:5      | Entered Level 5 of the Dungeon
   860 | D:5      | Noticed a centaur
   867 | D:5      | Killed a centaur
   867 | D:5      | Reached skill level 7 in Axes
   867 | D:5      | Reached XP level 6. HP: 20/55 MP: 5/5
   938 | D:5      | Reached skill level 3 in Fighting
   960 | D:6      | Found a staircase to the Ecumenical Temple.
   969 | Temple   | Entered the Ecumenical Temple
  1062 | Temple   | well shit
  1085 | Temple   | Became a worshipper of Trog the Wrathful
  1163 | D:6      | Found a burning altar of Makhleb.
  1166 | D:6      | FUCK
  1291 | D:7      | HP: 11/56 [ogre/giant spiked club (6)]
  1296 | D:7      | Reached skill level 4 in Shields
  1296 | D:7      | Reached XP level 7. HP: 33/62 MP: 5/5
  1368 | D:8      | Noticed a hippogriff
  1384 | D:8      | Noticed a two-headed ogre
  1389 | D:8      | i'm dead
  1392 | D:8      | Reached skill level 8 in Axes
  1396 | D:8      | Killed a hippogriff
  1396 | D:8      | Reached skill level 4 in Fighting
  1399 | D:8      | Reached skill level 9 in Axes
  1399 | D:8      | HP: 12/64 [killer bee (5)]
  1399 | D:8      | HP: 4/64 [two-headed ogre/giant club (8)]
  1400 | D:8      | HP: 1/64 [killer bee (3)]
  1400 | D:8      | Slain by a two-headed ogre

Vault maps used:
D:1:      dpeg_arrival_long_road, roderic_ancient_swastika
D:2:      marbit_many_paths, overflow_temple_1_default
D:3:      first_bread, uniq_ijyb
D:4:      gammafunk_temple_overflow_wave, minmay_misc_feat_tiny,
          nicolae_qazlal_eye_of_the_storm
D:5:      nicolae_overflow_crystal_walls
D:6:      bloody_makhleb, lemuel_temple_firewalk_a, uniq_blork_the_orc
D:7:      basic_altar, serial_shops, shop
D:8:      grunt_temple_overflow_gold_and_silver, erik_lair_orcish_takeover,
          hangedman_pestilent_swarm, hangedman_decor_points,
          minmay_pinched_square
Temple:   nicolae_temple_figure_eight

Skill      XL: |  1  2  3  4  5  6  7 |
---------------+----------------------+-----
Axes           | 3 4 5 7 9 |  9.0
Fighting       | 3 4 |  4.2
Shields        | 4 |  4.1
Armour         | |  3.7

Action                   |  1- 3 |  4- 6 |  7- 9 || total
-------------------------+-------+-------+-------++-------
Melee: War axe           |   102 |   128 |    26 ||   256
 Abil: Heal Wounds       |     1 |     4 |     2 ||     7
  Use: Potion            |       |       |     1 ||     1
  Eat: Chunk             |       |     2 |       ||     2
Armor: Scale mail        |    46 |    79 |    17 ||   142
Dodge: Dodged            |    26 |    47 |    15 ||    88
Block: Shield            |    52 |    86 |    32 ||   170
